 Dungeon Crawl Stone Soup version 0.26-a0-651-gb41185065b (webtiles) character file.

Game seed: 6946068742785381007

336 tilp the Covert (level 6, -1/28 HPs)
             Began as a Spriggan Enchanter on Oct 24, 2020.
             Slain by a lemure (9 damage)
             ... led by Pikel
             ... on level 4 of the Dungeon.
             The game lasted 00:10:26 (5551 turns).

tilp the Covert (Spriggan Enchanter)                Turns: 5551, Time: 00:10:27

Health: -1/28      AC:  2    Str:  4    XL:     6   Next: 28%
Magic:  11/11      EV: 18    Int: 18    God:
Gold:   134        SH:  0    Dex: 17    Spells: 5/11 levels left

rFire    . . .     SeeInvis +   a - +1 dagger
rCold    . . .     Faith    .   (shield restricted)
rNeg     . . .     Spirit   .   b - +0 robe
rPois    .         Reflect  .   (helmet restricted)
rElec    .         Harm     .   (no cloak)
rCorr    .         Rampage  .   (gloves unavailable)
MR       +....                  (boots unavailable)
Stlth    ++++......             (no amulet)
HPRegen  0.09/turn              (no ring)
MPRegen  0.12/turn              (no ring)

@: very quick
A: very small, unfitting armour, see invisible, speed 3
a: no special abilities


You were on level 4 of the Dungeon.
You visited 1 branch of the dungeon, and saw 4 of its levels.

You collected 134 gold pieces.

Inventory:

Hand Weapons
 a - a +1 dagger (weapon)
Missiles
 f - 95 stones (quivered)
 g - 20 poisoned darts
Armour
 b - a +0 robe (worn)
Jewellery
 n - a +6 ring of strength {unknown}
Scrolls
 d - a scroll of identify
 e - a scroll of immolation {unknown}
 h - a scroll of teleportation
 i - a scroll of random uselessness {unknown}
 k - a scroll of magic mapping {unknown}
 m - a scroll of fear {unknown}
Potions
 c - 2 potions of curing
 j - 2 potions of ambrosia
 l - a potion of heal wounds
 o - a potion of flight


   Skills:
 - Level 5.0 Short Blades
 - Level 3.0 Dodging
 - Level 8.0 Stealth
 + Level 3.0 Spellcasting
 + Level 3.9 Hexes


You had 5 spell levels left.
You knew the following spells:

 Your Spells              Type           Power        Failure   Level
a - Corona                Hex            ###....      3%          1
b - Ensorcelled Hibernat  Hex/Ice        #.....       11%         2
c - Confusing Touch       Hex            ###.....     10%         3

Your spell library contained the following spells:

 Spells                   Type           Power        Failure   Level
 Tukima's Dance           Hex            ###.....     10%         3
 Dazzling Flash           Conj/Hex       #.....       22%         3


Dungeon Overview and Level Annotations

Branches:
Dungeon (4/15)
 Temple: D:4-7

Altars:
Nemelex Xobeh
The Shining One

Shops:
D:4 =*

Annotations:
D:3 Grinder, Natasha
D:4 Pikel


Innate Abilities, Weirdness & Mutations

You are very small and have problems with some larger weapons.
You are too small for most types of armour.
You have supernaturally acute eyesight. (SInv)
You cover ground extremely quickly.


Message History

There is a stone staircase leading down, spattered with blood here.
You start resting.
Magic restored.
You climb downwards.
Level annotation: Pikel
There is a stone staircase leading up, spattered with blood here.
Unknown command.
There is a stone staircase leading down here.
There is a stone staircase leading up, spattered with blood here.
The lemure shouts!
You hear a shout!
The lemure shouts!
Found a war axe and a kite shield.
You hear a shout!
Found a stone staircase leading down.
The lemure hits you! The lemure hits you.
You closely miss Pikel. The lemure misses you. The lemure hits you.
* * * LOW HITPOINT WARNING * * *
Pikel misses you. The lemure hits you!
You die...

...........##.....#
#.................#
##................##
...................###..
............## .....##.. o
#........#..# .5Z#....# .. ..
#......##..##.5......####...
..####.#....###.5.K..............
.......#........@5.Z......Z....
#.......#...#......#.......#$.#
#..###..##.###.........<.....# .
#...###...........#............
..#.....<...........###.##.......
..##...>............>.... .(....#
........#.....##.................
........#.###......$.............
..##.<....[...................∩.#


You could see Pikel, 4 lemures, an adder skeleton and a jackal skeleton.

Vanquished Creatures
  2 orc wizards
  An iguana (D:4)
  Natasha (D:3)
  A worker ant (D:3)
  A hound skeleton (D:4)
  Robin (D:4)
  5 adders
  2 oozes
  2 worms (D:2)
  7 dart slugs
  5 leopard geckos
  7 orcs (D:3)
  3 bats
  10 goblins
  14 hobgoblins
  12 jackals
  A quokka (D:3)
  4 ball pythons
  5 frilled lizards
  7 kobolds
  9 rats
100 creatures vanquished.

Notes
Turn   | Place    | Note
-------+----------+-------------------------------------------
     0 | D:1      | tilp the Spriggan Enchanter began the quest for the Orb.
     0 | D:1      | Reached XP level 1. HP: 9/9 MP: 5/5
   358 | D:1      | Reached XP level 2. HP: 13/13 MP: 6/6
   362 | D:1      | Learned a level 2 spell: Ensorcelled Hibernation
   370 | D:1      | Reached skill level 5 in Stealth
  1114 | D:1      | Reached XP level 3. HP: 16/16 MP: 2/8
  1956 | D:2      | Reached skill level 6 in Stealth
  2095 | D:2      | Reached XP level 4. HP: 21/21 MP: 6/9
  2486 | D:2      | Learned a level 3 spell: Confusing Touch
  2774 | D:2      | Found a sparkling altar of Nemelex Xobeh.
  3552 | D:3      | Reached skill level 7 in Stealth
  3596 | D:3      | Found a glowing golden altar of the Shining One.
  3598 | D:3      | Reached XP level 5. HP: 24/24 MP: 7/10
  3779 | D:3      | Noticed Grinder
  3851 | D:3      | Noticed Natasha
  3854 | D:3      | Killed Natasha
  4106 | D:4      | Found Rasaonn's Assorted Antiques.
  4106 | D:4      | Noticed Pikel
  4106 | D:4      | Noticed a lemure
  4106 | D:4      | Noticed a lemure
  4106 | D:4      | Noticed a lemure
  4106 | D:4      | Noticed a lemure
  4177 | D:4      | Found Tayfret's Jewellery Boutique.
  4902 | D:4      | Reached skill level 8 in Stealth
  4906 | D:4      | Reached XP level 6. HP: 28/28 MP: 0/11
  4961 | D:4      | Noticed Robin
  5071 | D:4      | Killed Robin
  5071 | D:4      | Reached skill level 5 in Short Blades
  5143 | D:3      | Noticed Natasha
  5551 | D:4      | Slain by a lemure

Illustrated notes

Levels and vault maps discovered:
D:1:      lightli_arrival_boilingwater, layout_loops_ring, minmay_heptomino_l4
D:2:      layout_loops_ring, marbit_many_paths
D:3:      layout_loops_ring, lemuel_coloured_pillars_altar, uniq_grinder,
          uniq_natasha
D:4:      layout_cave_pools, minmay_temple_entry_junction, serial_shops, shop,
          shop, uniq_pikel, uniq_robin

Skill      XL: |  1  2  3  4  5  6 |
---------------+-------------------+-----
Stealth        | 5 6 7 8 |  8.0
Short Blades   | 2 3 4 5 |  5.0
Spellcasting   | 3 |  3.0
Dodging        | |  3.0
Hexes          | |  3.9

Action                   |  1- 3 |  4- 6 || total
-------------------------+-------+-------++-------
Melee: Dagger            |    99 |   154 ||   253
 Cast: Corona            |     2 |     1 ||     3
       Ensorcelled Hiber |    32 |    56 ||    88
       Confusing Touch   |       |     2 ||     2
  Use: Scroll            |     1 |     6 ||     7
       Potion            |       |     1 ||     1
 Stab: Sleeping          |    26 |    37 ||    63
       Distracted        |     1 |       ||     1
       Confused          |       |     2 ||     2
Armor: Robe              |     4 |    18 ||    22
Dodge: Dodged            |    62 |   138 ||   200

Table legend: (Time is in decaauts)
 A = Elapsed time spent in this place.
 B = Non-inter-level travel time spent in this place.
 C = Inter-level travel time spent in this place.
 D = Time resting spent in this place.
 E = Time spent auto-exploring this place.
 F = Levels seen in this place.
 G = Mean time per level.
                   A        B        C        D        E       F      G
               +--------+--------+--------+--------+--------+-----+--------+
         Total |   4494 |   4389 |    105 |   2224 |   1187 |   4 | 1123.5 |
       Dungeon |   4494 |   4389 |    105 |   2224 |   1187 |   4 | 1123.5 |
               +--------+--------+--------+--------+--------+-----+--------+

Top non-repeatable levels by time:
     D:3: 1567 daAuts
     D:1: 1523 daAuts
     D:2: 1022 daAuts
     D:4: 381 daAuts
